[Event "Titled Tuesday Blitz December 20 Early 2022"]
[White "GoltsevDmitry2000"]
[Black "Vesper, Horst"]
[BlackFideId "24677159"]
[WhiteElo "2739"]
[BlackElo "2028"]
[Result "1-0"]
[Round "10"]
[TimeControl "180+2"]
[Date "2022.12.20"]
[WhiteClock "0:00:07"]
[BlackClock "0:00:04"]

1. e4 c5 2. Nf3 d6 3. d4 cxd4 4. Nxd4 Nf6 5. Nc3 a6 6. Be2 e5 7. Nb3 Be7 8. Be3 Be6 9. Nd5 Nbd7 10. Nxe7 Qxe7 11. f3 O-O 12. c4 Nc5 13. Nxc5 dxc5 14. O-O Rfd8 15. Qc2 Nd7 16. Rfd1 Rac8 17. Qd3 Nb8 18. Qa3 b6 19. Qb3 Qc7 20. Qa3 a5 21. Rd5 Bxd5 22. cxd5 c4 23. Qa4 Qd7 24. Qa3 Qb7 25. Qc3 Nd7 26. a4 Nc5 27. Qxc4 Qd7 28. Qc2 g6 29. Bb5 Qd6 30. Rc1 Rf8 31. Bc6 Nd7 32. Qb3 f5 33. Qb5 Rf7 34. Rd1 fxe4 35. fxe4 Nc5 36. Qxb6 Nxe4 37. h3 Rcf8 38. Qxa5 Kh8 39. Qe1 Qf6 40. a5 Nf2 41. Qxf2 Qxf2+ 42. Bxf2 Rxf2 43. Rb1 Rc2 44. a6 Rf7 45. Bb7 e4 46. a7 Rf8 47. a8=Q Rxa8 48. Bxa8 e3 49. Bc6 Rd2 50. Re1 1-0


[Site "https://www.chess.com"]

[Event "Titled Tuesday Blitz December 20 Early 2022"]
[White "Goryachkina, Aleksandra"]
[Black "Derybas, Igor"]
[WhiteFideId "4147103"]
[BlackFideId "41846400"]
[WhiteElo "2571"]
[BlackElo "1490"]
[Result "1-0"]
[Round "10"]
[TimeControl "180+2"]
[Date "2022.12.20"]
[WhiteClock "0:00:06"]
[BlackClock "0:00:02"]

1. Nf3 c5 2. c4 Nf6 3. Nc3 g6 4. d4 Bg7 5. d5 O-O 6. e4 e6 7. Be2 exd5 8. exd5 d6 9. O-O Na6 10. h3 Re8 11. Re1 Bf5 12. a3 Nc7 13. Be3 b5 14. cxb5 Rb8 15. a4 Ne4 16. Rc1 h6 17. Bc4 Qf6 18. Nxe4 Bxe4 19. b3 Re7 20. b4 cxb4 21. Bxa7 Rbe8 22. Bd4 Qf4 23. Be3 Qf6 24. b6 Na8 25. a5 Qb2 26. Qd2 Qa3 27. a6 Bc3 28. Qe2 Bxf3 29. Qxf3 Nxb6 30. Bf1 Bxe1 31. Rxe1 Nd7 32. Rb1 Ne5 33. Qf6 Nd7 34. Qxd6 Rxe3 35. fxe3 Qxe3+ 36. Kh1 Ne5 37. Qxb4 Qg3 38. Re1 Ng4 39. Rxe8+ Kh7 40. Qxg4 Qf2 41. Qf3 Qxf3 42. gxf3 1-0


[Site "https://www.chess.com"]

[Event "Titled Tuesday Blitz December 20 Early 2022"]
[White "GuessChess_game"]
[Black "Carvalho, Heracles Elieser"]
[BlackFideId "22751114"]
[WhiteElo "2424"]
[BlackElo "1895"]
[Result "0-1"]
[Round "10"]
[TimeControl "180+2"]
[Date "2022.12.20"]
[WhiteClock "0:00:25"]
[BlackClock "0:00:15"]

1. d4 Nf6 2. Nf3 g6 3. Nc3 d5 4. Bf4 Bg7 5. e3 O-O 6. Be2 c5 7. dxc5 Qa5 8. Nd2 Qxc5 9. Nb3 Qb6 10. Nb5 Na6 11. Be5 Bf5 12. O-O Rac8 13. c3 Be4 14. Bd4 Qd8 15. Nxa7 Ra8 16. Nb5 Nb8 17. Nc5 Nc6 18. Bxf6 Bxf6 19. Nxe4 dxe4 20. Qxd8 Rfxd8 21. Rfd1 Rxd1+ 22. Bxd1 Rd8 23. Nd4 Nxd4 24. exd4 e5 25. dxe5 Bxe5 26. Kf1 Rd2 27. Rb1 Bxh2 28. g3 e3 29. fxe3 Bxg3 30. a4 h5 31. b4 h4 32. Bg4 Rf2+ 33. Kg1 Rc2 34. Rb3 f5 35. Bf3 h3 36. Bxb7 Rc1# 0-1


[Site "https://www.chess.com"]

[Event "Titled Tuesday Blitz December 20 Early 2022"]
[White "HackingKid98"]
[Black "Pietrek, Gerhard"]
[BlackFideId "24631698"]
[WhiteElo "2488"]
[BlackElo "1596"]
[Result "0-1"]
[Round "10"]
[TimeControl "180+2"]
[Date "2022.12.20"]
[WhiteClock "0:00:07"]
[BlackClock "0:00:19"]

1. e4 c5 2. Nc3 Nc6 3. Bb5 g6 4. Bxc6 bxc6 5. f4 Bg7 6. Nf3 c4 7. O-O Nf6 8. Qe2 a5 9. b3 cxb3 10. axb3 Ba6 11. d3 Nxe4 12. Nxe4 Bxa1 13. c3 d5 14. Nf6+ Kf8 15. f5 exf6 16. Bh6+ Kg8 17. Rxa1 Qb6+ 18. Kh1 c5 19. Re1 Bb5 20. Ng5 Qd6 21. c4 fxg5 22. cxb5 f6 23. b6 Kf7 24. b7 Rab8 25. Qa2 gxf5 26. Qxa5 Rxb7 27. h4 Kg6 28. hxg5 fxg5 0-1


[Site "https://www.chess.com"]

[Event "Titled Tuesday Blitz December 20 Early 2022"]
[White "Haimov, Elchanan"]
[Black "ChessicallyInclined"]
[WhiteFideId "2835916"]
[WhiteElo "1707"]
[BlackElo "2693"]
[Result "1-0"]
[Round "10"]
[TimeControl "180+2"]
[Date "2022.12.20"]
[WhiteClock "0:00:16"]
[BlackClock "0:00:04"]

1. d4 a6 2. Bg5 h6 3. Bh4 g5 4. Bg3 Bg7 5. c3 f5 6. e3 Nf6 7. h4 d6 8. hxg5 hxg5 9. Rxh8+ Bxh8 10. Nd2 Be6 11. Ngf3 g4 12. Ng5 Bg8 13. Bd3 e6 14. Qb3 Qc8 15. e4 Nc6 16. O-O-O Bg7 17. exf5 exf5 18. Re1+ Ne7 19. Bc4 d5 20. Bd3 Ne4 21. Bf4 Bf6 22. Ngxe4 fxe4 23. Be2 b5 24. Qb4 Be6 25. Qc5 Qd7 26. Nf1 Nc6 27. Qa3 b4 28. Qa4 bxc3 29. bxc3 Rb8 30. Ne3 Rb6 31. Rh1 Kf8 32. Bh6+ Bg7 33. Bxg7+ Kxg7 34. Qa3 Qf7 35. Nd1 Qf4+ 36. Kc2 Bf5 37. Ne3 Qxf2 38. Kd2 Bg6 39. Rf1 Qh4 40. Qf8+ Kh7 41. Rf7+ Bxf7 42. Qxf7+ Kh8 43. Qf8+ Kh7 44. Qf7+ Kh8 45. Qxd5 Ne7 46. Qe5+ Kg8 47. Qxe4 Qf6 48. Qxg4+ Qg7 49. Qe4 Ng6 50. Bc4+ Kh7 51. Bd3 Qf6 52. Bc2 Kg7 53. Ng4 Qe7 54. Qf3 Re6 55. Bd3 c6 56. Qg3 Rd6 57. Ne5 Qf6 58. Qxg6+ Qxg6 59. Bxg6 c5 60. Ke3 cxd4+ 61. cxd4 Rb6 62. Bf7 Rb2 63. Bd5 a5 64. g4 a4 65. Kf4 Kf6 66. g5+ Kg7 67. g6 Rd2 68. Ke3 Rb2 69. Bc4 Rc2 70. Kd3 Rb2 71. Kc3 Rb7 72. Bd5 Rb6 73. Kc4 Rb2 74. Kc5 Kf6 75. Bc4 a3 76. Nd3 Rc2 77. Nb4 Rb2 78. Nd5+ Kxg6 79. Nc3 Kf5 80. Nb5 Rd2 81. Nxa3 Ke4 82. Nb5 Rd1 83. Nc3+ Ke3 84. Nxd1+ 1-0


[Site "https://www.chess.com"]

[Event "Titled Tuesday Blitz December 20 Early 2022"]
[White "Harkness, Bryan"]
[Black "NowInChess"]
[WhiteFideId "444227"]
[WhiteElo "1935"]
[BlackElo "2177"]
[Result "1/2-1/2"]
[Round "10"]
[TimeControl "180+2"]
[Date "2022.12.20"]
[WhiteClock "0:00:20"]
[BlackClock "0:00:10"]

1. e4 e6 2. d3 d5 3. Nd2 Nf6 4. Ngf3 Nc6 5. e5 Nd7 6. d4 f6 7. exf6 Qxf6 8. c3 Bd6 9. g3 O-O 10. Bg2 e5 11. dxe5 Ndxe5 12. O-O Bg4 13. Qb3 Nxf3+ 14. Kh1 Ne7 15. Qxb7 Nxd2 16. Bxd2 Bf3 17. Be3 Rab8 18. Qxa7 Rxb2 19. Rab1 Bxg2+ 20. Kxg2 Qxc3 21. Bd4 Qf3+ 22. Kg1 Rxb1 23. Rxb1 Nf5 24. Rb8 Nxd4 25. Rxf8+ Bxf8 26. Qxd4 Qe4 27. Qc3 c5 28. a4 d4 29. Qc4+ Kh8 30. Qf7 Qe7 31. Qd5 h6 32. a5 Qc7 33. a6 c4 34. Qxd4 c3 35. a7 c2 36. a8=Q c1=Q+ 37. Kg2 Q1c6+ 38. Qe4 Qxe4+ 39. Qxe4 Qf7 40. h4 g6 41. Qe5+ Bg7 42. Qb8+ Kh7 43. Qa8 Bd4 44. f4 Qe7 45. Qa2 Qb7+ 46. Kh2 h5 47. Qc2 Kh6 48. f5 Qf7 49. Qd2+ Kg7 50. Qxd4+ Qf6 51. Qxf6+ Kxf6 52. fxg6 Kxg6 53. Kg2 Kf6 54. Kf3 Kf5 55. g4+ hxg4+ 56. Kg3 Kg6 57. Kxg4 Kh6 58. h5 Kh7 59. Kg5 Kh8 60. h6 Kg8 61. Kh5 Kh8 62. Kg5 Kg8 63. Kg6 Kh8 64. h7 1/2-1/2


[Site "https://www.chess.com"]

[Event "Titled Tuesday Blitz December 20 Early 2022"]
[White "HashtagChess"]
[Black "Diaz Argandona, Balack Leo"]
[BlackFideId "3847160"]
[WhiteElo "1812"]
[BlackElo "1496"]
[Result "0-1"]
[Round "10"]
[TimeControl "180+2"]
[Date "2022.12.20"]
[WhiteClock "0:00:02"]
[BlackClock "0:00:20"]

1. e4 c5 2. Nf3 e6 3. d4 cxd4 4. Nxd4 Nc6 5. Nc3 Qc7 6. Be3 a6 7. Be2 Nf6 8. O-O d6 9. f3 Be7 10. g4 Ne5 11. h4 Nc4 12. Bc1 d5 13. Kg2 b5 14. g5 b4 15. Na4 dxe4 16. gxf6 gxf6 17. Kh1 Qg3 18. Bg5 fxg5 19. Bxc4 Qxh4+ 20. Kg2 exf3+ 21. Qxf3 O-O 22. Qxa8 Qxd4 23. Bd3 Qg4+ 24. Kh1 Bd6 25. Qg2 Qh4+ 26. Kg1 Bb7 27. Be4 Bxe4 0-1


[Site "https://www.chess.com"]

[Event "Titled Tuesday Blitz December 20 Early 2022"]
[White "Hsu, Li Yang"]
[Black "VincentKeymer"]
[WhiteFideId "5800080"]
[WhiteElo "2427"]
[BlackElo "2980"]
[Result "0-1"]
[Round "10"]
[TimeControl "180+2"]
[Date "2022.12.20"]
[WhiteClock "0:00:03"]
[BlackClock "0:00:04"]

1. Nf3 d5 2. g3 Nf6 3. Bg2 c5 4. O-O e6 5. d4 cxd4 6. b3 Be7 7. Bb2 O-O 8. Nbd2 Qc7 9. Nxd4 e5 10. Nb5 Qb6 11. Nc3 Rd8 12. e4 dxe4 13. Ncxe4 Nxe4 14. Bxe4 Bg5 15. Qh5 h6 16. Nc4 Qe6 17. Nxe5 Nd7 18. f4 Nxe5 19. fxg5 Ng4 20. Bf3 g6 21. Qh4 h5 22. h3 Qe3+ 23. Kh1 Nf2+ 24. Rxf2 Qxf2 25. Bg2 Bf5 26. Rf1 Qxc2 27. Ba1 Rd2 28. Rg1 Rxg2 29. Rxg2 Be4 0-1


[Site "https://www.chess.com"]

[Event "Titled Tuesday Blitz December 20 Early 2022"]
[White "Ibarra Jerez, Jose Carlos"]
[Black "exoticprincess"]
[WhiteFideId "2226332"]
[WhiteElo "2563"]
[BlackElo "3057"]
[Result "0-1"]
[Round "10"]
[TimeControl "180+2"]
[Date "2022.12.20"]
[WhiteClock "0:00:03"]
[BlackClock "0:00:33"]

1. e4 c6 2. Nf3 d5 3. d3 dxe4 4. dxe4 Qxd1+ 5. Kxd1 Nf6 6. Nbd2 g6 7. Ne5 Bh6 8. f3 O-O 9. a4 Nbd7 10. Nd3 Rd8 11. Nc4 Bxc1 12. Kxc1 Nb6 13. Ne3 a5 14. b3 Kg7 15. c3 Nfd7 16. Kc2 e5 17. Be2 f6 18. Rhd1 Nf8 19. Nc5 Rxd1 20. Rxd1 Ne6 21. Nxe6+ Bxe6 22. Bc4 Nxc4 23. Nxc4 Kf8 24. Nb6 Re8 25. b4 axb4 26. cxb4 Ke7 27. Kc3 f5 28. Nc4 Kf6 29. Rd6 Ke7 30. Rd2 Kf6 31. Rd6 f4 32. a5 g5 33. h3 h5 34. a6 bxa6 35. Rxc6 Rc8 36. Rxc8 Bxc8 37. Nb6 Be6 38. Nd5+ Bxd5 39. exd5 Ke7 40. Kd3 Kd6 41. Ke4 h4 42. Kf5 Kxd5 43. Kxg5 Kc4 44. Kxh4 Kxb4 45. Kg5 a5 46. h4 e4 47. h5 e3 48. h6 e2 49. h7 e1=Q 50. h8=Q Qd2 51. Qb8+ Ka3 52. Qxf4 Qxg2+ 53. Kf5 Qc2+ 54. Qe4 Kb3 55. Kg5 a4 56. Qb7+ Kc3 57. Qc6+ Kb2 58. Qf6+ Kb1 59. Qb6+ Qb2 60. Qd6 a3 61. f4 Qg2+ 62. Kf6 Qf3 63. Qd2 a2 64. Qb4+ Kc2 65. Qc5+ Qc3+ 66. Qxc3+ Kxc3 67. f5 a1=Q 68. Kf7 Kd4 69. f6 Ke5 70. Kg8 Kxf6 0-1


[Site "https://www.chess.com"]

[Event "Titled Tuesday Blitz December 20 Early 2022"]
[White "Imperial, Genghis"]
[Black "rasmussvane"]
[WhiteFideId "5230403"]
[WhiteElo "1812"]
[BlackElo "2949"]
[Result "0-1"]
[Round "10"]
[TimeControl "180+2"]
[Date "2022.12.20"]
[WhiteClock "0:00:06"]
[BlackClock "0:00:19"]

1. e4 c6 2. d4 d5 3. e5 Bf5 4. h4 h5 5. Bd3 Bxd3 6. Qxd3 Qa5+ 7. Nd2 e6 8. Nf3 Nh6 9. O-O Nf5 10. a4 Nd7 11. Nb3 Qa6 12. Qd1 Be7 13. g3 Rc8 14. c3 c5 15. dxc5 Nxc5 16. Nbd4 Nxd4 17. Nxd4 Qd3 18. Kg2 Qe4+ 19. f3 Qxe5 20. Bf4 Qf6 21. Bg5 Qg6 22. Bxe7 Kxe7 23. Re1 Rhe8 24. Nb5 a6 25. Na7 Rc7 26. Qxd5 Rd8 27. Qe5 Rdd7 28. Re2 b6 29. a5 Nd3 30. Qe3 Rxa7 31. axb6 Rab7 32. Rxa6 Qf5 33. b4 Qb5 34. Ra5 Qxb6 35. Qg5+ Kf8 36. Qxh5 Kg8 37. Rg5 Qd8 38. Qh6 f6 39. Rg4 Ne5 40. Rxe5 fxe5 41. Qxe6+ Rf7 42. Rc4 Qd2+ 43. Kh3 Qd7 44. Rc8+ Kh7 45. Re8 Qxe6+ 46. Rxe6 Rxf3 47. Rxe5 Rxc3 48. Rh5+ Kg8 49. b5 Rb3 0-1


[Site "https://www.chess.com"]

[Event "Titled Tuesday Blitz December 20 Early 2022"]
[White "InitiatingASC"]
[Black "Karttunen, Mika"]
[BlackFideId "502081"]
[WhiteElo "2412"]
[BlackElo "2490"]
[Result "0-1"]
[Round "10"]
[TimeControl "180+2"]
[Date "2022.12.20"]
[WhiteClock "0:00:01"]
[BlackClock "0:00:07"]

1. Nf3 Nf6 2. g3 d5 3. Bg2 e6 4. O-O Be7 5. d4 O-O 6. c4 dxc4 7. Qa4 Bd7 8. Qxc4 Bc6 9. Nc3 Nbd7 10. Bd2 Ne4 11. Nxe4 Bxe4 12. Rfd1 c6 13. Ne1 Bxg2 14. Nxg2 Nf6 15. Bb4 Re8 16. Bxe7 Rxe7 17. b4 Rd7 18. b5 Rc8 19. bxc6 Rxc6 20. Qa4 Ra6 21. Qb3 Nd5 22. e3 Rb6 23. Qa4 Nc3 24. Qxa7 Nxd1 25. Rxd1 Ra6 26. Qc5 Rxa2 27. Nf4 Qc7 28. Qg5 Qc2 29. Rf1 h6 30. Qe5 Qc7 31. Qb5 Qc6 32. Qe5 Qd6 33. Qb5 Rc7 34. Nh5 Rd7 35. Nf4 Qc6 36. Qe5 Rc2 37. Nh5 f6 38. Qb8+ Qc8 39. Qf4 b5 40. Qg4 Rf7 41. Kg2 b4 42. Rb1 Qc6+ 43. e4 f5 44. Qg6 fxe4 45. Kh3 Qd5 46. Rxb4 Qf5+ 47. Qxf5 Rxf5 48. Nf4 Rxf2 49. Nxe6 e3 50. d5 Rxd5 51. Re4 e2 52. Nf4 Rd2 53. Kg4 g5 54. Nh5 Rf1 55. h4 e1=Q 56. Rxe1 Rxe1 57. hxg5 hxg5 58. Kxg5 Re5+ 59. Kh4 Rd4+ 60. g4 Kf7 61. Ng3 Kg6 62. Kh3 Rg5 63. Ne2 Rdxg4 64. Ng1 Kh5 65. Kh2 Rh4+ 66. Nh3 Rg8 67. Kh1 Rxh3# 0-1


[Site "https://www.chess.com"]

[Event "Titled Tuesday Blitz December 20 Early 2022"]
[White "Iskusnyh, Sergei"]
[Black "Mekhitarian, Krikor Sevag"]
[WhiteFideId "4120027"]
[BlackFideId "2107660"]
[WhiteElo "2440"]
[BlackElo "2604"]
[Result "0-1"]
[Round "10"]
[TimeControl "180+2"]
[Date "2022.12.20"]
[WhiteClock "0:00:01"]
[BlackClock "0:00:40"]

1. d4 Nf6 2. c4 g6 3. g3 d5 4. Bg2 dxc4 5. Qa4+ Nfd7 6. Nf3 Nc6 7. Qxc4 Nb6 8. Qd3 Bg7 9. Be3 Nd5 10. Bd2 Nb6 11. Nc3 O-O 12. O-O Nxd4 13. Nxd4 Qxd4 14. Qxd4 Bxd4 15. Nb5 Bxb2 16. Nxc7 Rb8 17. Rab1 Be5 18. Nb5 a6 19. Na3 Na4 20. Nc4 Bc7 21. Bb4 Re8 22. Rfc1 Bf5 23. Rb3 Be6 24. Rbb1 b5 25. Na5 Bd6 26. Nc6 Rb6 27. Ba5 Bxa2 28. Bxb6 Bxb1 29. Be3 Bf5 30. h4 Bd7 0-1


[Site "https://www.chess.com"]

[Event "Titled Tuesday Blitz December 20 Early 2022"]
[White "Ivan11Martic"]
[Black "Garcia Brion, Eduardo"]
[BlackFideId "2223864"]
[WhiteElo "2528"]
[BlackElo "2175"]
[Result "1/2-1/2"]
[Round "10"]
[TimeControl "180+2"]
[Date "2022.12.20"]
[WhiteClock "0:01:08"]
[BlackClock "0:00:04"]

1. d4 Nf6 2. Nf3 e6 3. c4 Bb4+ 4. Nbd2 d5 5. e3 O-O 6. Bd3 b6 7. O-O Bb7 8. a3 Bd6 9. b4 c6 10. Bb2 Nbd7 11. Rc1 Qe7 12. e4 dxe4 13. Nxe4 Nxe4 14. Bxe4 Nf6 15. Bb1 c5 16. dxc5 bxc5 17. b5 e5 18. Qe2 e4 19. Nd2 Rfe8 20. Rfe1 Qc7 21. Nf1 Be5 22. Rcd1 Rad8 23. a4 Bd4 24. Ne3 g6 25. h3 h5 26. Rd2 Kg7 27. Red1 Bxb2 28. Rxb2 Rd4 29. Rbd2 Red8 30. Nc2 Rd3 31. Ne3 Rxd2 32. Rxd2 Rd4 33. Nc2 Rxd2 34. Qxd2 Qe5 35. Ne3 Qd4 36. Qc1 Nd7 37. Kh1 f5 38. Ba2 f4 39. Nc2 Qxf2 40. Qd1 Nf6 41. Bb1 e3 42. Ne1 e2 43. Qd2 Ne4 44. Bxe4 Bxe4 45. a5 Qf1+ 46. Kh2 f3 47. Qd7+ Kh6 48. Qd2+ Kg7 49. gxf3 Qf2+ 50. Ng2 Bxf3 51. Qd7+ Kf6 52. Qd8+ Ke5 53. Qg5+ Kd4 54. Qd2+ Kxc4 55. Qc2+ Kxb5 56. Qb3+ Kxa5 57. Qa3+ Kb5 58. Qb3+ Kc6 59. Qe6+ Kb5 60. Qb3+ Ka5 61. Qa3+ Kb6 62. Qb3+ Kc7 63. Qf7+ Kb6 64. Qb3+ Ka6 65. Qa4+ Kb6 66. Qb3+ 1/2-1/2


[Site "https://www.chess.com"]

[Event "Titled Tuesday Blitz December 20 Early 2022"]
[White "Jacomet Rodriguez, Josep-M."]
[Black "Harsha_Bharathakoti"]
[WhiteFideId "54509815"]
[WhiteElo "3034"]
[BlackElo "2867"]
[Result "1-0"]
[Round "10"]
[TimeControl "180+2"]
[Date "2022.12.20"]
[WhiteClock "0:00:05"]
[BlackClock "0:00:03"]

1. e4 e6 2. d4 d5 3. exd5 exd5 4. Nf3 Nf6 5. Bd3 Be7 6. O-O O-O 7. h3 Re8 8. Bf4 c6 9. Nbd2 Nbd7 10. Re1 Nf8 11. c3 Ne6 12. Be5 Nd7 13. Qc2 g6 14. Bg3 Ndf8 15. Re2 Ng7 16. Rae1 Bf5 17. Ne5 h5 18. Ndf3 Bxd3 19. Qxd3 Bf6 20. Qc2 Re6 21. Bf4 Qe7 22. g4 Re8 23. Kg2 Qd8 24. Bg3 Nh7 25. Qb3 Qb6 26. Qc2 Qd8 27. a4 Nf8 28. Qb3 Qb6 29. Qc2 Qd8 30. b4 Nd7 31. Qd3 Nf8 32. b5 Qc8 33. bxc6 bxc6 34. Qc2 c5 35. Qb3 cxd4 36. cxd4 Qd8 37. Qb5 Rb6 38. Qa5 Rbe6 39. Qxa7 Qa8 40. Qc5 Qxa4 41. Qxd5 Rd8 42. Qe4 Qb3 43. Qb1 Qxb1 44. Rxb1 hxg4 45. hxg4 Re7 46. Rb6 Bxe5 47. dxe5 Nfe6 48. Rb4 Red7 49. Bh4 Rc8 50. Kg3 Ne8 51. Re3 Rdc7 52. Reb3 Rc3 53. Kg2 Rxb3 54. Rxb3 Nf4+ 55. Kg3 Ne2+ 56. Kh2 Nf4 57. Bg5 Ne6 58. Bh4 N8c7 59. Rd3 Rb8 60. Bf6 Ne8 61. Be7 Rb7 62. Bh4 Rb8 63. Rc3 Kg7 64. Kg3 Ra8 65. Ng5 N8c7 66. Ne4 Nd5 67. Rd3 Ra5 68. Bf6+ Nxf6 69. exf6+ Kf8 70. Rc3 Ra8 71. Kh2 g5 72. Rh3 Kg8 73. Rh5 Ra5 74. Kg3 Ra3+ 75. f3 Ra5 76. Nd6 Rd5 77. Nf5 1-0


[Site "https://www.chess.com"]

[Event "Titled Tuesday Blitz December 20 Early 2022"]
[White "JaloliddinIlkhomi"]
[Black "BENO_CHESS"]
[WhiteElo "2533"]
[BlackElo "2706"]
[Result "0-1"]
[Round "10"]
[TimeControl "180+2"]
[Date "2022.12.20"]
[WhiteClock "0:00:11"]
[BlackClock "0:01:00"]

1. d4 d6 2. Nf3 Nd7 3. g3 g6 4. Bg2 Bg7 5. O-O Ngf6 6. b3 O-O 7. Bb2 a5 8. Nbd2 a4 9. c4 c6 10. e4 Qa5 11. Qc2 Qh5 12. Rae1 e5 13. dxe5 Nxe5 14. Nxe5 dxe5 15. f4 axb3 16. axb3 exf4 17. Rxf4 Ng4 18. h3 Ra2 19. hxg4 Qc5+ 20. Kh2 Rxb2 21. Qd3 Be5 22. Rff1 Bxg4 23. Nf3 Bxf3 24. Rxf3 Qe7 25. Re2 Rd8 26. Qe3 Qh4+ 27. Bh3 Rxe2+ 28. Qxe2 Qg5 29. Qg2 Rd2 30. Rf2 Qxg3+ 31. Kg1 Rxf2 0-1


[Site "https://www.chess.com"]

[Event "Titled Tuesday Blitz December 20 Early 2022"]
[White "Jasko, Pavel"]
[Black "Sokolov, Ivan"]
[WhiteFideId "980463"]
[BlackFideId "14400030"]
[WhiteElo "1693"]
[BlackElo "2590"]
[Result "0-1"]
[Round "10"]
[TimeControl "180+2"]
[Date "2022.12.20"]
[WhiteClock "0:00:08"]
[BlackClock "0:00:05"]

1. e4 d6 2. d4 Nf6 3. Nc3 g6 4. Bf4 Bg7 5. Qd2 a6 6. O-O-O b5 7. f3 Bb7 8. Nge2 Nbd7 9. Kb1 Rc8 10. Nc1 c5 11. d5 Nb6 12. Bh6 Bxh6 13. Qxh6 b4 14. N3e2 Qd7 15. e5 dxe5 16. d6 Rc6 17. f4 e4 18. Ng3 Rxd6 19. Be2 Nbd5 20. Nb3 Qc7 21. f5 c4 22. Nd4 c3 23. b3 Rg8 24. fxg6 hxg6 25. Rhf1 Qa5 26. Qc1 Rh8 27. h3 Qa3 28. Qxa3 bxa3 29. Bc4 Nb4 30. Nge2 e3 31. Nf3 Rxd1+ 32. Rxd1 Ne4 33. Ned4 Nd2+ 34. Ka1 Bxf3 35. gxf3 e5 36. Bd3 exd4 37. f4 Nxd3 38. cxd3 c2 39. Rc1 Rxh3 40. f5 e2 41. fxg6 fxg6 42. Re1 Re3 43. b4 g5 44. b5 axb5 45. Rxe2 Nb3+ 46. axb3 Rxe2 47. Ka2 c1=Q# 0-1


[Site "https://www.chess.com"]

[Event "Titled Tuesday Blitz December 20 Early 2022"]
[White "Kildepiotr"]
[Black "Arora, Tashika"]
[BlackFideId "459305"]
[WhiteElo "2682"]
[BlackElo "1896"]
[Result "1-0"]
[Round "10"]
[TimeControl "180+2"]
[Date "2022.12.20"]
[WhiteClock "0:00:16"]
[BlackClock "0:00:04"]

1. Nf3 Nf6 2. g3 d5 3. Bg2 Bf5 4. O-O e6 5. c4 c5 6. cxd5 exd5 7. d3 Be7 8. Qb3 Qc8 9. Nc3 Be6 10. Ng5 Qd7 11. Nxe6 fxe6 12. e4 dxe4 13. dxe4 Nc6 14. Be3 Ng4 15. Rad1 Nd4 16. Bxd4 cxd4 17. e5 Nxe5 18. Ne2 Bc5 19. Nf4 Bb6 20. Rfe1 Qd6 21. Nxe6 Kd7 22. Nxg7 Raf8 23. Bh3+ Kc7 24. Ne6+ Kb8 25. Nxf8 Rxf8 26. Bg2 d3 27. Rd2 Qd4 28. Qd5 Qxd5 29. Bxd5 Ng4 30. Kg2 Nxf2 31. Rf1 Rd8 32. Bf3 h5 33. Rfxf2 Bxf2 34. Kxf2 1-0


[Site "https://www.chess.com"]

[Event "Titled Tuesday Blitz December 20 Early 2022"]
[White "Klose, Eli"]
[Black "Harry_Rakkel"]
[WhiteFideId "16242955"]
[WhiteElo "1519"]
[BlackElo "2611"]
[Result "0-1"]
[Round "10"]
[TimeControl "180+2"]
[Date "2022.12.20"]
[WhiteClock "0:00:21"]
[BlackClock "0:00:23"]

1. e4 c5 2. Nc3 e6 3. g3 d5 4. Bg2 d4 5. Nce2 e5 6. d3 Nc6 7. f4 Bd6 8. Nf3 f6 9. O-O Nge7 10. a4 h6 11. Nh4 exf4 12. Bxf4 g5 13. Bxd6 Qxd6 14. Nf3 Ng6 15. c3 Bg4 16. cxd4 cxd4 17. Qb3 O-O-O 18. Rac1 Kb8 19. Qb5 a5 20. Qc5 Bxf3 21. Bxf3 Nge5 22. Qxd6+ Rxd6 23. Rcd1 Nb4 24. Nc1 Rc8 25. Be2 Nc2 26. Rd2 Ne3 27. Re1 Rb6 28. h3 Rc2 29. Rxc2 Nxc2 30. Rd1 Ne3 31. Rd2 Rb4 32. Kf2 Kc7 33. b3 Kd6 34. Rb2 Rb6 35. Ke1 Nc6 36. Na2 Nb4 37. Nxb4 Rxb4 38. Bh5 b5 39. axb5 Rxb5 40. Bf7 Rb7 41. Bg8 Rb8 42. Bf7 Rf8 43. Bc4 Kc5 44. Kd2 Kb4 45. Ra2 Nxc4+ 46. bxc4 a4 47. Kc2 a3 48. Ra1 f5 49. Rb1+ Ka4 50. Rb7 f4 51. Ra7+ Kb4 52. Rb7+ Kc5 53. gxf4 gxf4 54. Rb1 f3 55. Rf1 Kb4 56. e5 f2 57. c5 Kxc5 58. Kb3 Kd5 59. Kxa3 Kxe5 60. Kb4 Kd5 61. Kb3 h5 62. h4 Rf3 63. Kc2 Ke5 64. Kd2 Kf4 65. Ke2 Kg3 66. Ra1 f1=Q+ 67. Rxf1 Rxf1 68. Kxf1 Kxh4 69. Kf2 Kg4 70. Kg2 Kf4 71. Kf2 h4 72. Kg2 Ke3 73. Kh3 Kxd3 74. Kxh4 Ke3 75. Kg3 d3 76. Kg2 d2 0-1


[Site "https://www.chess.com"]

[Event "Titled Tuesday Blitz December 20 Early 2022"]
[White "Kucherov, Konstantin"]
[Black "queen_iryna"]
[WhiteFideId "34136280"]
[WhiteElo "1983"]
[BlackElo "2354"]
[Result "1-0"]
[Round "10"]
[TimeControl "180+2"]
[Date "2022.12.20"]
[WhiteClock "0:01:32"]
[BlackClock "0:01:01"]

1. d4 d6 2. c4 e5 3. e3 exd4 4. exd4 g6 5. Nf3 Bg7 6. h3 Nf6 7. Bd3 O-O 8. O-O Nc6 9. Nc3 Bd7 10. d5 Ne5 11. Be2 Nxf3+ 12. Bxf3 Re8 13. Bf4 Bf5 14. Qb3 b6 15. Rfe1 Qd7 16. g4 Nxg4 17. hxg4 Bxg4 18. Bg2 Bh3 19. Ne4 Bxg2 20. Kxg2 Qf5 21. Qf3 Bxb2 22. Rab1 Bg7 23. Ng3 Qc2 24. a3 h5 25. Rbc1 Qb2 26. Ne4 Re7 27. Re2 Qd4 28. Bg5 Ree8 29. Bf6 Rxe4 30. Bxd4 Rxd4 31. Rce1 Rg4+ 32. Kf1 Rf8 33. Re8 Rxc4 34. R1e7 Rc1+ 35. Kg2 1-0


[Site "https://www.chess.com"]

[Event "Titled Tuesday Blitz December 20 Early 2022"]
[White "Kukku, Ramesh"]
[Black "lemayvega"]
[WhiteFideId "25695606"]
[WhiteElo "1575"]
[BlackElo "2529"]
[Result "1/2-1/2"]
[Round "10"]
[TimeControl "180+2"]
[Date "2022.12.20"]
[WhiteClock "0:00:08"]
[BlackClock "0:00:15"]

1. Nc3 d5 2. f4 c5 3. Nf3 Nc6 4. d3 g6 5. e4 e6 6. Be2 Bg7 7. e5 Nge7 8. O-O O-O 9. Bd2 b6 10. Qe1 Bb7 11. Qh4 Nf5 12. Qxd8 Rfxd8 13. Rae1 Rdc8 14. Bd1 h5 15. h3 h4 16. Nh2 Bf8 17. Bg4 Ncd4 18. Rc1 Be7 19. Bxf5 Nxf5 20. Ne2 d4 21. Ng4 Kg7 22. Nf2 c4 23. Ne4 Rc7 24. g4 hxg3 25. N2xg3 Rac8 26. Nxf5+ exf5 27. Nd6 Bxd6 28. exd6 Rd7 29. dxc4 Rxc4 30. c3 d3 31. b3 Re4 32. c4 Rxd6 33. c5 bxc5 34. Rxc5 Re2 35. Rf2 Rde6 36. Bc3+ f6 37. Rc7+ Re7 38. Rxe7+ Rxe7 39. Rd2 Re3 40. Kh2 Be4 41. Bd4 Rf3 42. Bxa7 Rxf4 43. Bf2 Rf3 44. b4 g5 45. b5 f4 46. b6 f5 47. a4 g4 48. hxg4 fxg4 49. Bd4+ Kg6 50. a5 Rh3+ 51. Kg1 Rh1+ 52. Kf2 Rh2+ 53. Ke1 Rh1+ 54. Kf2 Rh2+ 55. Ke1 Rh1+ 56. Kf2 1/2-1/2


[Site "https://www.chess.com"]

[Event "Titled Tuesday Blitz December 20 Early 2022"]
[White "Lasinika, M M D"]
[Black "lamomiajunior"]
[WhiteFideId "9974555"]
[WhiteElo "1072"]
[BlackElo "2526"]
[Result "0-1"]
[Round "10"]
[TimeControl "180+2"]
[Date "2022.12.20"]
[WhiteClock "0:00:00"]
[BlackClock "0:00:41"]

1. e4 c6 2. d4 d5 3. Nc3 dxe4 4. Nxe4 Nf6 5. Nxf6+ exf6 6. c3 Bd6 7. Bd3 O-O 8. Qc2 Re8+ 9. Ne2 h5 10. Be3 Nd7 11. O-O-O Nf8 12. h3 Be6 13. Kb1 Bd5 14. c4 Bxg2 15. Rhg1 Bxh3 16. Bh6 g5 17. Ng3 Bg4 18. Rde1 Qc7 19. Ne4 Nd7 20. c5 Bf4 21. Bc4 b5 22. Bd3 Re6 23. d5 cxd5 24. Nc3 Qxc5 25. Rxe6 fxe6 26. Bh7+ Kf7 27. Qg6+ Ke7 28. Qg7+ Kd6 29. Qf7 b4 30. Na4 Qb5 0-1


[Site "https://www.chess.com"]